Map: Lightshade LE

Players

qqq

  • Race: Terran Terran
  • League: Platinum
  • Spawn Location: 5:00

BuRny

  • Race: Terran Terran
  • League: Master
  • Spawn Location: 11:00

Massa

  • Race: Terran Terran
  • League: Platinum

Gonzo

  • Race: Terran Terran
  • League: Diamond

VOD

Have the link to the VOD?

Description

Time

  • Played on: Nov. 20, 2020, 2:33 p.m.
  • Length: 6:22
Show
View Real Time Build Order
Export as new Build Order

qqq Terran 

Build Orders: Gas First Reaper Expand 

Get SALT Encoding   

  12  0:00  SCV  
  13  0:12  SCV  
  14  0:21  Supply Depot  
  14  0:24  SCV  
  15  0:31  Refinery  
  15  0:42  SCV  
  16  0:46  Barracks  
  16  0:54  SCV  
  17  1:06  SCV  
  18  1:18  SCV  
  19  1:32  Orbital Command  
  19  1:33  Reaper  
  20  1:47  Command Center  
  20  1:54  Refinery  
  20  1:59  SCV  
  21  2:05  Marine  
  22  2:12  Supply Depot  
  22  2:16  SCV  
  23  2:27  Barracks Reactor  
  23  2:30  Factory  
  23  2:33  SCV  
  24  2:38  Supply Depot  
  22  2:53  Supply Depot  
  22  2:54  SCV  
  23  3:05  Marine x2  
  22  3:06  SCV  
  24  3:12  Orbital Command  
  24  3:17  Hellion  
  25  3:29  Barracks  
  24  3:34  Marine  
  24  3:35  Marine  
  26  3:45  Hellion  
  26  3:46  SCV x2  
  30  3:54  Starport  
  30  4:02  Marine x2  
  31  4:08  SCV x2  
  27  4:20  SCV x2  
  27  4:23  Marine  
  28  4:35  Reaper x2  
  28  4:36  Factory Reactor  
  24  4:40  Marine  
  24  4:41  SCV x2  
  24  4:44  Liberator  
  27  4:53  SCV x2  
  28  5:05  SCV x2, Engineering Bay  
  30  5:17  SCV  
  30  5:18  Widow Mine x2  
  30  5:20  SCV  
  35  5:28  Marine x2  
  35  5:29  SCV  
  34  5:53  SCV x2  
  32  6:05  SCV x2  
  33  6:18  Barracks Reactor  
Show
View Real Time Build Order
Export as new Build Order

BuRny Terran 

Build Orders: Cyclone Opening 

Get SALT Encoding   

  12  0:00  SCV  
  13  0:12  SCV  
  14  0:17  Supply Depot  
  14  0:24  SCV  
  15  0:38  SCV  
  15  0:39  Barracks  
  16  0:44  Refinery  
  16  0:50  SCV  
  16  0:55  Refinery  
  17  1:03  SCV  
  18  1:15  SCV  
  20  1:25  Reaper  
  20  1:27  Orbital Command  
  20  1:43  Factory  
  20  1:50  Supply Depot  
  20  1:52  SCV  
  21  1:57  Reaper  
  22  2:04  SCV  
  23  2:16  SCV  
  24  2:24  Command Center  
  24  2:28  Hellion  
  26  2:32  Barracks Tech Lab  
  26  2:35  SCV  
  27  2:41  Supply Depot  
  27  2:47  SCV  
  27  2:54  Starport  
  27  2:59  Cyclone  
  27  3:03  Barracks Tech Lab  
  30  3:06  SCV  
  31  3:16  Refinery  
  31  3:18  SCV  
  32  3:30  SCV  
  33  3:35  Orbital Command  
  33  3:40  Raven  
  35  3:42  SCV  
  35  3:43  Barracks Reactor  
  35  3:54  SCV  
  36  3:59  Siege Tank  
  36  4:02  SCV  
  40  4:06  SCV  
  41  4:14  SCV  
  41  4:16  Command Center  
  42  4:18  SCV, Marine  
  42  4:19  Marine  
  45  4:24  Supply Depot  
  45  4:26  SCV, Raven  
  48  4:31  SCV  
  50  4:38  SCV, Siege Tank  
  50  4:39  Marine  
  50  4:42  Marine  
  50  4:43  SCV  
  54  4:50  SCV  
  52  4:56  SCV  
  52  4:57  Marine  
  52  4:59  Marine  
  54  5:00  Supply Depot  
  54  5:02  SCV  
  56  5:08  SCV  
  56  5:10  Siege Tank  
  60  5:14  SCV  
  60  5:16  Command Center  
  60  5:20  SCV  
  62  5:22  Refinery  
  62  5:27  Supply Depot  
  62  5:28  Viking  
  62  5:29  Viking  
  62  5:31  Marine  
  62  5:33  SCV  
  62  5:34  SCV  
  69  5:38  Orbital Command  
  68  5:45  SCV  
  68  5:47  Siege Tank  
  65  5:50  SCV  
  66  5:57  SCV  
  66  5:59  Marine  
  66  6:02  SCV  
  66  6:03  SCV  
  74  6:09  SCV  
  75  6:13  Engineering Bay  
  75  6:14  Engineering Bay  
Show
View Real Time Build Order
Export as new Build Order

Massa Terran 

Build Orders:  

Get SALT Encoding   

Show
View Real Time Build Order
Export as new Build Order

Gonzo Terran 

Build Orders:  

Get SALT Encoding   

Tags
 
Add a new tag
Caveats
  • Supply blocks, unpowered buildings, or Contaminate may cause inaccurate times.
  • Supply counts are checked every 10 seconds.